 Dungeon Crawl Stone Soup version 0.23.0 (webtiles) character file.

Game seed: 5648141763680733934

32 misha the Cudgeler (level 3, -12/30 HPs)
             Began as a Minotaur Gladiator on Feb 17, 2019.
             Shot with an arrow by a centaur (14 damage)
             ... on level 2 of the Dungeon.
             The game lasted 00:09:28 (909 turns).

misha the Cudgeler (Minotaur Gladiator)              Turns: 909, Time: 00:09:29

Health: -12/30     AC:  3    Str: 19    XL:     3   Next: 10%
Magic:  2/2        EV: 13    Int: 10    God:
Gold:   46         SH:  0    Dex: 11    Spells: 2/2 levels left

rFire    . . .     SeeInvis .   (no weapon)
rCold    . . .     Gourm    .   (no shield)
rNeg     . . .     Faith    .   e - +0 leather armour
rPois    .         Spirit   .   c - +0 hat
rElec    .         Reflect  .   (no cloak)
rCorr    .         Harm     .   (no gloves)
MR       .....                  (no boots)
Stlth    +.........             (no amulet)
HPRegen  0.10/turn              (no ring)
MPRegen  0.08/turn              (no ring)

@: brilliant
A: retaliatory headbutt, horns 2
a: no special abilities


You were on level 2 of the Dungeon.
You were not hungry.

You visited 1 branch of the dungeon, and saw 2 of its levels.

You collected 46 gold pieces.

Inventory:

Hand Weapons
 a - a +0 flail
 q - a +0 hunting sling
Missiles
 b - 13 poisoned needles (quivered)
 j - a throwing net
Armour
 c - a +0 hat (worn)
 d - a +0 leather armour
 e - a +0 leather armour (worn)
Scrolls
 g - a scroll of amnesia {unknown}
 h - a scroll of magic mapping {unknown}
 i - a scroll of identify {unknown}
 k - a scroll of enchant weapon {unknown}
 l - a scroll of teleportation {unknown}
 n - a scroll of random uselessness {unknown}
 p - a scroll of noise {unknown}
Potions
 m - a potion of brilliance
 o - 2 potions of curing {unknown}
Comestibles
 f - 2 rations


   Skills:
 + Level 2.6 Fighting
 + Level 4.3 Maces & Flails
 + Level 2.1 Throwing
 + Level 0.3 Armour
 + Level 3.9 Dodging


You had 2 spell levels left.
You didn't know any spells.
Your spell library was empty.

Dungeon Overview and Level Annotations

Branches:
Dungeon (2/15)

Altars:


Innate Abilities, Weirdness & Mutations

You reflexively headbutt those who attack you in melee.
You have a pair of horns on your head.


Message History

[Y]es or [N]o only, please.
Really attack barehanded?
Okay, then.
The centaur shoots an arrow.
The arrow closely misses you. The goblin misses you. You furiously retaliate!
You headbutt the goblin!
You kill the goblin!
You see here an arrow.
You are too injured to fight recklessly!
You are too injured to fight recklessly!
You are too injured to fight recklessly!
You are too injured to fight recklessly!
You are too injured to fight recklessly!
You are too injured to fight recklessly!
You are too injured to fight recklessly!
You are too injured to fight recklessly!
The jackal bites you.
* * * LOW HITPOINT WARNING * * *
The jackal closely misses you. You furiously retaliate!
You headbutt the jackal.
The centaur shoots an arrow.
The arrow hits you!
You die...

#.### .g ..$... #. .
##.##.....( ..
#..##.....#.#
#.##..#h...#. ##
##..#..#....$.
#.##.........#
...###.#...#.h# .# .
.......@..###h##.##..
...#####hc# #h#......
##.# #(#..##..
#h###.h......
#.h.h....#..#
####...#.#..#
##.###......#..#
#..............#
#..###......##.#..


You could see a centaur and 3 jackals.

Vanquished Creatures
  A gnoll (D:1)
  A giant cockroach (D:1)
  3 goblins
  3 hobgoblins (D:1)
  A quokka (D:2)
  6 bats
  A frilled lizard (D:2)
  5 kobolds (D:1)
  2 rats (D:1)
23 creatures vanquished.

Notes
Turn   | Place    | Note
-------+----------+-------------------------------------------
     0 | D:1      | misha the Minotaur Gladiator began the quest for the Orb.
     0 | D:1      | Reached XP level 1. HP: 18/18 MP: 0/0
    89 | D:1      | Reached XP level 2. HP: 23/25 MP: 1/1
    89 | D:1      | Reached skill level 4 in Maces & Flails
   656 | D:1      | Reached XP level 3. HP: 30/30 MP: 2/2
   888 | D:2      | Noticed a centaur
   909 | D:2      | Shot with an arrow by a centaur

Skill      XL: |  1  2 |
---------------+-------+-----
Maces & Flails | 4 |  4.3
Fighting       | |  2.6
Throwing       | |  2.1
Armour         | |  0.3
Dodging        | |  3.9

Action                   || total
-------------------------++-------
Melee: Flail             ||    33
       Headbutt          ||     5
Throw: Throwing net      ||    10
  Use: Potion            ||     1
Armor: Leather armour    ||    14
Dodge: Dodged            ||    36
